 Dungeon Crawl Stone Soup version 0.22-a0-422-g9628fc8 (webtiles) character file.

14 Kairos the Conjurer (level 2, 15/15 HPs)
             Began as a Deep Elf Conjurer on May 19, 2018.
             Quit the game on level 2 of the Dungeon.
             The game lasted 00:01:26 (501 turns).

Kairos the Conjurer (Deep Elf Conjurer)              Turns: 501, Time: 00:01:27

Health: 15/15      AC:  2    Str:  5    XL:     2   Next: 31%
Magic:  8/8        EV: 13    Int: 19    God:
Gold:   46         SH:  0    Dex: 15    Spells: 6/7 levels left

rFire    . . .     SeeInvis .   g - -3 whip (curse)
rCold    . . .     Gourm    .   (no shield)
rNeg     . . .     Faith    .   a - +0 robe
rPois    .         Spirit   .   (no helmet)
rElec    .         Reflect  .   (no cloak)
rCorr    .         Harm     .   (no gloves)
MR       .....                  (no boots)
Stlth    ++........             (no amulet)
HPRegen  0.05/turn              (no ring)
MPRegen  0.11/turn              (no ring)

@: no status effects
A: no striking features
a: no special abilities


You were on level 2 of the Dungeon.
You were not hungry.

You visited 1 branch of the dungeon, and saw 2 of its levels.

You collected 46 gold pieces.

Inventory:

Hand Weapons
 b - a +0 hand axe
 g - a cursed -3 whip (weapon)
Armour
 a - a +0 robe (worn)
Comestibles
 c - 3 rations


   Skills:
 + Level 2.5 Dodging
 + Level 2.4 Stealth
 + Level 3.2 Spellcasting
 + Level 4.9 Conjurations


You had 6 spell levels left.
You knew the following spells:

 Your Spells              Type           Power        Failure   Level  Hunger
a - Magic Dart            Conj           ###.         1%          1    None

Your spell library contained the following spells:

 Spells                   Type           Power        Failure   Level  Hunger
 Iskenderun's Mystic Bla  Conj           ###.....     19%         4    ####...
 Fulminant Prism          Conj/Hex       ##........   47%         4    ####...
 Dazzling Spray           Conj/Hex       ##....       16%         3    ###....
 Force Lance              Conj/Tloc      ##......     47%         4    ####...
 Searing Ray              Conj           ###...       3%          2    ##.....


Dungeon Overview and Level Annotations

Branches:
Dungeon (2/15)

Altars:

Annotations:
D:2 1 runed door


Message History

g - a glowing whip It sticks to your hand!
g - a cursed -3 whip (weapon)
As you read the scroll labeled IGA CIOPHECZI, it crumbles to dust.
You feel aware of your surroundings.
It was a scroll of magic mapping.
As you read the scroll labeled DYLUSE ENODO, it crumbles to dust.
You assume a fearsome visage.
Nothing appears to happen.
It was a scroll of fear.
As you read the scroll labeled VOYDURGH BIOSM, it crumbles to dust.
It is a scroll of amnesia.
Okay, then.
Unknown command.
Unknown command.
Unknown command.
Unknown command.
Unknown command.
Unknown command.
Unknown command.
Autopickup is now off.
Are you sure you want to abandon this character and quit the game? (Confirm with "yes".)

************
*,,,,,,,,..* ******
*,*******#.* *,,,,, *,*
#.* *******,,,,,
******,* ****##.##
*,,,,,,,,,,,
,,,,**,***,,,,...#
*,*****,,,,,
,,,,,,,,,,,***#..# *,*
*,,,,,
***,,,,<,,**###..# *,*
***,** *
*,,,,,,.###...@#####.#
*,*
***,,,,,,..............#
**,**
,,*,,<,,,.###....#######
*,,,* *,,,,,,,,,,,####.#
*,,,, *,,,,,,,,,*,* #.#
*,,,, *,,,,,*,,,,,* #.#
****,
*,,,,,*,,,,,####.## *,
**,,,,*,*,*,#..<..# **
**,,,,*,,,,,####..######


There were no monsters in sight!

Vanquished Creatures
  A leopard gecko (D:1)
  A ball python (D:1)
  A bat (D:1)
  A giant cockroach (D:1)
  2 goblins (D:1)
  2 hobgoblins (D:1)
  A kobold (D:1)
  A frilled lizard (D:1)
  A rat (D:1)
11 creatures vanquished.

Notes
Turn   | Place    | Note
-------+----------+-------------------------------------------
     0 | D:1      | Kairos the Deep Elf Conjurer began the quest for the Orb.
     0 | D:1      | Reached XP level 1. HP: 10/10 MP: 6/6
   154 | D:1      | Reached XP level 2. HP: 15/15 MP: 4/8
   474 | D:2      | Found a runed door.
   501 | D:2      | Quit the game

Vault maps used:
D:1:      mrwooster_arrival_statue_3, kennysheep_nondescript
D:2:      columned_hall_lemuel, uniq_crazy_yiuf_cottage, uniq_sigmund,
          uniq_robin

Action                   || total
-------------------------++-------
 Cast: Magic Dart        ||    17
  Use: Scroll            ||     3
Dodge: Dodged            ||     1

Table legend:
 A = Spawn XP
 B = Non-spawn XP
 C = Spawn XP percentage of total XP
 D = Spawn monster count
 E = Non-spawn monster count
 F = Spawn count percentage of total count
 G = Total turns spent on level
                    A         B        C        D         E        F      G
               +---------+---------+-------+---------+---------+-------+---------
         Total |       0 |      21 |   0.0 |       0 |      11 |   0.0 |   501
               +---------+---------+-------+---------+---------+-------+---------
           D:1 |       0 |      21 |   0.0 |       0 |      11 |   0.0 |   458
               +---------+---------+-------+---------+---------+-------+---------
